 Dungeon Crawl Stone Soup version 0.20-a0-960-ge493e74 (webtiles) character file.

292 MrRokkomies the Bolt Thrower (level 6, -7/60 HPs)
             Began as a Kobold Hunter on Apr 7, 2017.
             Mangled by an ogre
             ... wielding a +0 giant club
              (18 damage)
             ... on level 4 of the Dungeon.
             The game lasted 00:06:44 (3040 turns).

MrRokkomies the Bolt Thrower (Kobold Hunter)        Turns: 3040, Time: 00:06:45

Health: -7/60      AC: 23    Str: 11    XL:     6   Next: 59%
Magic:  6/6        EV:  3    Int: 12    God:
Gold:   232        SH:  0    Dex: 16    Spells: 5/5 levels left

rFire    . . .     SeeInvis .   b - +0 quarterstaff
rCold    . . .     Gourm    .   (shield currently unavailable)
rNeg     + + +     Faith    .   (armour currently unavailable)
rPois    +         Spirit   .   (helmet currently unavailable)
rElec    .         Reflect  .   (cloak currently unavailable)
rCorr    .         Harm     .   (gloves currently unavailable)
MR       .....     NoTele   +   (boots currently unavailable)
Stlth    ++........             (no amulet)
Regen    0.2/turn               w - ring of teleportation (curse)
MPRegen  0.1/turn               (no ring)

@: tree-form
A: carnivore 3
a: no special abilities


You were on level 4 of the Dungeon.
You were full.
You were a tree.
You visited 1 branch of the dungeon, and saw 4 of its levels.

You collected 232 gold pieces.

Inventory:

Hand Weapons
 a - a +1 hand crossbow
 b - a +0 quarterstaff (weapon)
 k - a +4 quarterstaff of chaos
 q - a +0 blowgun
Missiles
 d - 16 bolts
 r - 25 poisoned needles
Armour
 i - a +2 hat (melded)
 m - a +0 cloak (melded)
 t - a +0 pair of gloves (melded)
 u - a +0 scale mail (melded)
Jewellery
 w - a cursed ring of teleportation (left branch)
Scrolls
 o - a scroll of remove curse
 p - a scroll of identify
 s - 2 scrolls of teleportation
Potions
 c - 2 potions of haste
 g - a potion of resistance
 h - a potion of might {unknown}
 j - a potion of flight
 n - 4 potions of curing {unknown}
 v - a potion of agility
Comestibles
 f - a meat ration
 l - a royal jelly


   Skills:
 * Level 5.2 Fighting
 * Level 7.2 Crossbows
 - Level 2.4 Dodging
 - Level 1.3 Stealth


You had 5 spell levels left.
You didn't know any spells.

Dungeon Overview and Level Annotations

Branches:
Dungeon (4/15)
 Temple: D:4-7

Altars:
Ashenzari
Cheibriados
Gozag
Kikubaaqudgha
Okawaru
Ru
The Shining One


Innate Abilities, Weirdness & Mutations

You are small and have problems with some larger weapons.
You are carnivorous and can eat meat at any time.


Message History

Ouch! That really hurt!
* * * LOW HITPOINT WARNING * * *
You are too injured to fight recklessly!
You are too injured to fight recklessly!
You are too injured to fight recklessly!
You turn into a tree.
Your +0 cloak melds into your body.
Your +2 hat melds into your body.
Your +0 pair of gloves melds into your body.
Your +0 scale mail melds into your body.
Your roots penetrate the ground.
You completely miss the ogre.
The ogre is moderately wounded.
The ogre hits you but does no damage.
You barely miss the ogre.
The ogre is moderately wounded.
The ogre completely misses you.
You hit the ogre.
The ogre is heavily wounded.
The ogre hits you with a giant club!!
You die...

.....#.....######..##
.....##...#####.....#
...................##
...............###.#
#......##...(## ##.#
.#....## #..## #.##
.....## ###.# #.#
#..... #..###.#
##.... #..O7## ##..
##...# ... #......
..((#..... ..#
#.....# . ##...##
#...# ..#.#


You could see an ogre.

Vanquished Creatures
  Sigmund (D:2)
  Crazy Yiuf (D:2)
  An adder (D:3)
  2 oozes (D:2)
  3 worms
  3 dart slugs
  3 leopard geckos
  2 orcs
  2 ball pythons
  5 goblins
  5 hobgoblins
  8 jackals
  12 kobolds
  2 quokkas (D:3)
  8 bats
  8 frilled lizards
  4 rats
70 creatures vanquished.

Notes
Turn   | Place    | Note
-------+----------+-------------------------------------------
     0 | D:1      | MrRokkomies the Kobold Hunter began the quest for the Orb.
     0 | D:1      | Reached XP level 1. HP: 12/12 MP: 1/1
   340 | D:1      | Reached skill level 5 in Crossbows
   340 | D:1      | Reached XP level 2. HP: 17/18 MP: 2/2
   493 | D:1      | Reached XP level 3. HP: 19/23 MP: 3/3
  1001 | D:2      | Found a snail-covered altar of Cheibriados.
  1002 | D:2      | Found a glowing golden altar of the Shining One.
  1011 | D:2      | Found a shattered altar of Ashenzari.
  1012 | D:2      | Found a sacrificial altar of Ru.
  1026 | D:2      | Reached XP level 4. HP: 16/28 MP: 4/4
  1228 | D:2      | Found an ancient bone altar of Kikubaaqudgha.
  1245 | D:2      | Found an iron altar of Okawaru.
  1448 | D:2      | Found a runed door.
  1524 | D:2      | Noticed Crazy Yiuf
  1528 | D:2      | Killed Crazy Yiuf
  1528 | D:2      | Reached skill level 6 in Crossbows
  1637 | D:2      | Noticed Sigmund
  1647 | D:2      | Killed Sigmund
  1647 | D:2      | Reached skill level 5 in Fighting
  1647 | D:2      | Reached skill level 7 in Crossbows
  1647 | D:2      | Reached XP level 5. HP: 21/35 MP: 5/5
  1647 | D:2      | Reached XP level 6. HP: 24/40 MP: 6/6
  2957 | D:4      | Found an opulent altar of Gozag.
  3029 | D:4      | Noticed an ogre
  3040 | D:4      | Mangled by an ogre

Vault maps used:
D:1:      scummos_arrival_star
D:2:      tso_oasis_becter, amethyst_overflow_temple_binary,
          grunt_temple_overflow_open, uniq_crazy_yiuf_cottage, uniq_sigmund
D:4:      kennysheep_six_static_rooms, marbit_many_paths, grunt_gozag_statues,
          uniq_pikel

Skill      XL: |  1  2  3  4 |
---------------+-------------+-----
Crossbows      | 5 7 |  7.2
Fighting       | 3 5 |  5.2
Dodging        | |  2.4
Stealth        | |  1.3

Action                   |  1- 3 |  4- 6 || total
-------------------------+-------+-------++-------
Melee: Short sword       |   137 |       ||   137
       Quarterstaff      |    31 |   115 ||   146
 Fire: Hand crossbow     |     2 |     8 ||    10
  Use: Scroll            |     5 |     5 ||    10
       Potion            |       |     1 ||     1
  Eat: Chunk             |     2 |    11 ||    13
Armor: Ring mail         |    68 |    38 ||   106
       Scale mail        |       |    21 ||    21
       Skin              |       |     1 ||     1
Dodge: Dodged            |   142 |   105 ||   247
